 Dungeon Crawl Stone Soup version 0.25-a0-160-gd1d2e81aba (webtiles) character file.

Game seed: 11873959127576326145, levelgen mode: deterministic

95 Jindul the Skirmisher (level 4, -3/29 HPs)
             Began as a Kobold Abyssal Knight on Nov 21, 2019.
             Was a Believer of Lugonu.
             Slain by Grinder (4 damage)
             ... on level 3 of the Dungeon.
             The game lasted 00:15:48 (2864 turns).

Jindul the Skirmisher (Kobold Abyssal Knight)       Turns: 2864, Time: 00:15:49

Health: -3/29      AC:  3    Str: 14    XL:     4   Next: 97%
Magic:  6/6        EV: 15    Int: 13    God:    Lugonu [**....]
Gold:   27         SH:  0    Dex: 15    Spells: 3/3 levels left

rFire    + . .     SeeInvis .   a - +1 short sword
rCold    + . .     Gourm    .   (shield restricted)
rNeg     . . .     Faith    .   b - +0 leather armour
rPois    +         Spirit   .   (no helmet)
rElec    +         Reflect  .   (no cloak)
rCorr    +         Harm     .   (no gloves)
MR       .....                  (no boots)
Stlth    ++........             (no amulet)
HPRegen  0.09/turn              k - +5 ring of strength
MPRegen  0.10/turn              (no ring)

@: resistant
A: small, carnivore
a: Depart the Abyss, Bend Space, Renounce Religion


You were on level 3 of the Dungeon.
You worshipped Lugonu.
Lugonu was pleased with you.
You were completely stuffed.

You visited 1 branch of the dungeon, and saw 4 of its levels.
You visited the Abyss 1 time.

You collected 27 gold pieces.

Inventory:

Hand Weapons
 a - a +1 short sword (weapon)
Missiles
 g - 20 stones (quivered)
 i - 35 arrows
Armour
 b - a +0 leather armour (worn)
Jewellery
 h - an uncursed ring of wizardry {unknown}
 k - a +5 ring of strength (left hand)
Scrolls
 f - a scroll of amnesia
Potions
 j - a potion of degeneration {unknown}
 n - a potion of heal wounds {unknown}
Comestibles
 c - 3 rations
 m - 2 chunks of flesh


   Skills:
 * Level 3.8 Fighting
 + Level 3.4 Short Blades
 - Level 1.0 Armour
 - Level 3.0 Dodging
 * Level 3.2 Stealth
 + Level 2.8 Invocations


You had 3 spell levels left.
You didn't know any spells.
Your spell library was empty.

Dungeon Overview and Level Annotations

Branches:
Dungeon (4/15)
 Temple: D:4-7

Altars:
Kikubaaqudgha
Uskayaw

Annotations:
D:3 Grinder, Sigmund


Innate Abilities, Weirdness & Mutations

You are small and have problems with some larger weapons.
You are carnivorous and can eat meat at any time.


Message History

Grinder shouts!
Found a runed hand axe.
Sigmund the Dreaded comes into view.
He is wielding a +0 scythe.
Grinder gestures at you.
You suddenly lose the ability to move!
Grinder gestures at you. Pain shoots through your body! Grinder hits you.
You writhe in agony.
* * * LOW HITPOINT WARNING * * *
You can move again.
Okay, then.
Okay, then.
It was a potion of curing.
You feel better. Grinder hits you.
You writhe in agony.
It was a potion of resistance.
You feel protected. Grinder hits you!
* * * LOW HITPOINT WARNING * * *
You writhe in agony.
You die...

#$.# ... .####..
#..# .# #.# .......
... .# #.....# #..
.# ####..# ##. # .#
#..# #.
#.##.######..## ##.
#.#).......... ##..
#.............###...
#@# #.#.#.......
#######5#
#.#รท#####...
...@....# #...# ##..
.######.# #.### ###
#.#####.# #....5..#
##.#.####
###....####
..........#


You could see Grinder.

Vanquished Creatures
  5 adders
  An ooze (D:1)
  3 leopard geckos
  3 giant cockroaches
  5 goblins
  3 hobgoblins
  6 kobolds
  2 quokkas
  10 bats
  2 frilled lizards (D:2)
  5 rats
45 creatures vanquished.

Notes
Turn   | Place    | Note
-------+----------+-------------------------------------------
     0 | Abyss:1  | Jindul the Kobold Abyssal Knight began the quest for the
                  | Orb.
     0 | Abyss:1  | Reached XP level 1. HP: 14/14 MP: 2/2
    28 | D:1      | Escaped the Abyss
   325 | D:1      | Reached skill level 1 in Stealth
   325 | D:1      | Reached XP level 2. HP: 5/19 MP: 3/3
   592 | D:1      | Reached skill level 1 in Armour
   902 | D:2      | Found a faded altar of an unknown god.
   961 | D:2      | Reached XP level 3. HP: 23/23 MP: 4/4
   987 | D:2      | Reached ** piety under Lugonu
  1576 | D:2      | Reached XP level 4. HP: 11/28 MP: 5/5
  1820 | D:2      | Found an ancient bone altar of Kikubaaqudgha.
  1820 | D:2      | Found a hide-covered altar of Uskayaw.
  2540 | D:3      | Noticed Grinder
  2542 | D:3      | Paralysed by Grinder for 2 turns
  2853 | D:3      | Noticed Sigmund
  2856 | D:3      | Paralysed by Grinder for 7 turns
  2864 | D:3      | HP: 1/29 [Grinder (10)]
  2864 | D:3      | Slain by Grinder

Levels and vault maps discovered:
D:1:      roderic_dead_forest, layout_basic
D:2:      layout_basic, amethyst_overflow_temple_binary,
          chequers_ecumenical_altar_simple
D:3:      layout_loops_ring, first_ration, minmay_fractal_squares_gapless_5,
          uniq_sigmund, uniq_terence, uniq_grinder
D:4:      layout_basic, minmay_temple_entry_stoned_glass, serial_shops,
          shop_fountains

Skill      XL: |  1  2  3  4 |
---------------+-------------+-----
Stealth        | 1 2 3 |  3.2
Armour         | 1 |  1.0
Short Blades   | 3 |  3.4
Dodging        | 3 |  3.0
Fighting       | |  3.8
Invocations    | |  2.8

Action                   |  1- 3 |  4- 6 || total
-------------------------+-------+-------++-------
Melee: Short sword       |   107 |    72 ||   179
Throw: Stone             |     5 |       ||     5
  Use: Scroll            |     3 |     1 ||     4
       Potion            |       |     2 ||     2
 Stab: Sleeping          |     2 |     4 ||     6
  Eat: Chunk             |     5 |    10 ||    15
Armor: Leather armour    |    19 |     5 ||    24
Dodge: Dodged            |    91 |    52 ||   143

Table legend:
 A = Non-vault XP
 B = Vault XP
 C = Vault XP percentage of total XP
 D = Non-vault monster count
 E = Vault monster count
 F = Vault count percentage of total count
                 A         B        C        D         E       F
            +---------+---------+-------+---------+---------+-------
      Total |     137 |       0 |   0.0 |      45 |       0 |   0.0
            +---------+---------+-------+---------+---------+-------
        D:1 |      21 |       0 |   0.0 |      11 |       0 |   0.0
        D:2 |      87 |       0 |   0.0 |      25 |       0 |   0.0
        D:3 |      27 |       0 |   0.0 |       8 |       0 |   0.0
        D:4 |       2 |       0 |   0.0 |       1 |       0 |   0.0
            +---------+---------+-------+---------+---------+-------
